 Dungeon Crawl Stone Soup version 0.27-a0-887-gcab673c142 (webtiles) character file.

Game seed: 6348751946901556404

135 Froggeryz the Cudgeller (level 4, 0/54 HPs)
             Began as a Minotaur Summoner on Apr 4, 2021.
             Slain by Pikel
             ... wielding a +2 whip of flaming
              (1 damage)
             ... on level 4 of the Dungeon.
             The game lasted 00:04:19 (4889 turns).

Froggeryz the Cudgeller (Minotaur Summoner)         Turns: 4889, Time: 00:04:19

Health: 0/54       AC: 22    Str: 13 (14) XL:     4   Next: 96%
Magic:  5/5        EV:  2    Int:  9 (12) God:
Gold:   136        SH:  0    Dex:  9 (10) Spells: 4/5 levels left

rFire    + . .     SeeInvis .   c - +0 mace
rCold    + . .     Faith    .   (no shield)
rNeg     + + +     Spirit   .   (armour currently unavailable)
rPois    +         Reflect  .   (helmet currently unavailable)
rElec    +         Harm     .   (cloak currently unavailable)
rCorr    +         Rampage  .   (gloves currently unavailable)
Will     .....     NoTele   +   (boots currently unavailable)
Stlth    +.........             (no amulet)
HPRegen  0.18/turn              f - ring of resist corrosion
MPRegen  0.09/turn              (no ring)

@: mighty, tree-form, resistant
A: stationary, stasis, torment immunity, boosted hp, (horns 2), (retaliatory
headbutt)
a: no special abilities


You were on level 4 of the Dungeon.
You were a tree.
You visited 1 branch of the dungeon, and saw 4 of its levels.

You collected 136 gold pieces.

Inventory:

Hand Weapons
 c - a +0 mace (weapon)
Missiles
 i - 8 curare-tipped darts
 l - 46 poisoned darts (quivered)
Armour
 b - a +0 pair of boots (melded)
 o - a +0 cloak (melded)
 r - a +0 pair of gloves (melded)
 v - a +0 scale mail (melded)
Jewellery
 f - a ring of resist corrosion (left branch)
Scrolls
 e - a scroll of magic mapping {unknown}
 j - 2 scrolls of immolation {unknown}
 k - 3 scrolls of identify {unknown}
 n - a scroll of brand weapon {unknown}
 p - a scroll of teleportation {unknown}
 q - a scroll of enchant weapon {unknown}
 s - a scroll of fear {unknown}


   Skills:
 - Level 2.2 Fighting
 * Level 4.8 Maces & Flails
 - Level 1.0 Armour
 - Level 2.1 Dodging
 - Level 1.5 Stealth
 - Level 1.3 Spellcasting
 - Level 2.9 Summonings


You had 4 spell levels left.
You knew the following spells:

 Your Spells              Type           Power      Damage    Failure   Level
a - Summon Small Mammal   Summ           20%        N/A       11%         1

Your spell library contained the following spells:

 Spells                   Type           Power      Damage    Failure   Level
 Call Imp                 Summ           5%         N/A       16%         2
 Call Canine Familiar     Summ           5%         N/A       32%         3
 Corona                   Hex            0%         N/A       34%         1
 Ensorcelled Hibernation  Hex/Ice        0%         N/A       47%         2
 Summon Guardian Golem    Hex/Summ       3%         N/A       50%         3
 Confusing Touch          Hex            0%         N/A       71%         3
 Dazzling Flash           Conj/Hex       0%         N/A       71%         3
 Tukima's Dance           Hex            0%         N/A       71%         3
 Summon Ice Beast         Ice/Summ       3%         N/A       88%         4
 Summon Lightning Spire   Summ/Air       3%         N/A       88%         4


Dungeon Overview and Level Annotations

Branches:
Dungeon (4/15)
 Temple: D:4-7

Altars:
Ashenzari
Uskayaw
Wu Jian

Shops:
D:1 (

Annotations:
D:4 Dowan, Duvessa, Pikel


Innate Abilities, Weirdness & Mutations

You are a tree.
Your roots penetrate the ground, keeping you stationary.
You cannot be teleported.
You are immune to unholy pain and torment.
Your maximum health is greatly increased.
Your equipment is partially melded.
((You have a pair of horns on your head.))
((You reflexively headbutt those who attack you in melee.))


Message History

Your +0 scale mail melds into your body.
Your roots penetrate the ground.
Pikel hits you but does no damage.
It was a potion of resistance.
You feel protected.
Pikel hits you with a +2 whip of flaming.
* * * LOW HITPOINT WARNING * * *
It was a potion of degeneration.
There was something very wrong with that liquid.
You feel weakened.
You feel dopey.
You feel clumsy. Pikel hits you but does no damage.
You miss Pikel.
Pikel is moderately wounded.
Pikel hits you with a +2 whip of flaming.
* * * LOW HITPOINT WARNING * * *
Pikel hits you with a +2 whip of flaming.
* * * LOW HITPOINT WARNING * * *
Pikel burns you.
* * * LOW HITPOINT WARNING * * *
You closely miss Pikel.
Pikel is moderately wounded.
Pikel hits you but does no damage.
You hit Pikel.
Pikel is moderately wounded.
Pikel hits you but does no damage.
You hit Pikel.
Pikel is heavily wounded.
Pikel hits you but does no damage.
You aren't carrying any items that you can evoke.
Okay, then.
Okay, then.
You feel very mighty all of a sudden. Pikel hits you but does no damage.
You thump Pikel!
Pikel is severely wounded.
Pikel hits you with a +2 whip of flaming.
* * * LOW HITPOINT WARNING * * *
You hit Pikel but do no damage.
Pikel is severely wounded.
Pikel hits you with a +2 whip of flaming.
You die...

#.# ....#. #.#
...... #.# ...#..#
#.# ....... #.#
..... #.#### ...
#....# ######5#####
###.##
#.....o5K♣.#####.##
#.....$###.##.....#
#...... #....#####
####### ###..# #..#
#..# #..#
#..#########
##..........#


You could see Pikel, 2 lemures and an orc.

Vanquished Creatures
  An iguana (D:2)
  3 adders
  2 worms (D:2)
  A dart slug (D:1)
  An orc (D:3)
  7 bats
  6 endoplasms
  2 giant cockroaches (D:1)
  8 goblins
  5 hobgoblins
  7 jackals
  7 kobolds
  4 quokkas
  7 ball pythons
  5 frilled lizards
  4 rats
70 creatures vanquished.

Notes
Turn   | Place    | Note
-------+----------+-------------------------------------------
     0 | D:1      | Froggeryz the Minotaur Summoner began the quest for the
                  | Orb.
     0 | D:1      | Reached XP level 1. HP: 14/14 MP: 1/1
   242 | D:1      | Reached skill level 1 in Fighting
   242 | D:1      | Reached skill level 1 in Armour
   429 | D:1      | Reached skill level 1 in Maces & Flails
   429 | D:1      | Reached XP level 2. HP: 22/23 MP: 3/3
   974 | D:1      | Reached skill level 2 in Maces & Flails
  1026 | D:1      | Reached XP level 3. HP: 24/29 MP: 4/4
  1086 | D:1      | Found Vyffioff's Antique Weapon Shop.
  1882 | D:2      | Reached skill level 3 in Maces & Flails
  2579 | D:2      | Reached XP level 4. HP: 33/36 MP: 5/5
  3128 | D:2      | Reached skill level 4 in Maces & Flails
  3762 | D:3      | Found an ornate altar of the Wu Jian Council.
  4419 | D:3      | Found a hide-covered altar of Uskayaw.
  4625 | D:4      | Noticed Duvessa
  4625 | D:4      | Noticed Dowan
  4770 | D:4      | Found a broken altar of Ashenzari.
  4867 | D:4      | Noticed Pikel
  4867 | D:4      | Noticed a lemure
  4867 | D:4      | Noticed a lemure
  4867 | D:4      | Noticed a lemure
  4868 | D:4      | Noticed a lemure
  4883 | D:4      | HP: 2/54 [Pikel/+2 whip of flaming (5)]
  4888 | D:4      | HP: 1/54 [Pikel/+2 whip of flaming (1)]
  4889 | D:4      | Slain by Pikel

Illustrated notes

Levels and vault maps discovered:
D:1:      roderic_chinese_lattice_arrival, layout_loops_corners, serial_shops,
          shop, minmay_tromino_mix6
D:2:      layout_loops_ring, kennysheep_cross_bottleneck, minivault_24
D:3:      layout_loops_ring, nicolae_overflow_hidden_temple,
          amcnicky_altar_gilded
D:4:      layout_basic, ashenzari_conservatory_becter, hangedman_decor_riveting,
          minmay_circle_x, uniq_duvessa, uniq_pikel

Skill      XL: |  1  2  3  4 |
---------------+-------------+-----
Fighting       | 1 2 |  2.2
Armour         | 1 |  1.0
Maces & Flails | 1 2 3 4 |  4.8
Dodging        | |  2.1
Stealth        | |  1.5
Spellcasting   | |  1.3
Summonings     | |  2.9

Action                   |  1- 3 |  4- 6 || total
-------------------------+-------+-------++-------
Melee: Mace              |   105 |    81 ||   186
       Unarmed           |     7 |       ||     7
       Headbutt          |    10 |     7 ||    17
 Cast: Summon Small Mamm |       |     1 ||     1
  Use: Scroll            |     1 |       ||     1
       Potion            |     2 |     6 ||     8
 Stab: Sleeping          |     4 |       ||     4
Armor: Leather armour    |    34 |     1 ||    35
       Ring mail         |       |    31 ||    31
       Skin              |       |     6 ||     6
Dodge: Dodged            |    67 |    35 ||   102

Table legend: (Time is in decaauts)
 A = Elapsed time spent in this place.
 B = Non-inter-level travel time spent in this place.
 C = Inter-level travel time spent in this place.
 D = Time resting spent in this place.
 E = Time spent auto-exploring this place.
 F = Levels seen in this place.
 G = Mean time per level.
                   A        B        C        D        E       F      G
               +--------+--------+--------+--------+--------+-----+--------+
         Total |   4938 |   4654 |    284 |    670 |   3371 |   4 | 1234.5 |
       Dungeon |   4938 |   4654 |    284 |    670 |   3371 |   4 | 1234.5 |
               +--------+--------+--------+--------+--------+-----+--------+

Top non-repeatable levels by time:
     D:1: 1872 daAuts
     D:2: 1797 daAuts
     D:3: 882 daAuts
     D:4: 386 daAuts
